Map: Bridgehead LE (Void)

Players

benofrio - Winner!

  • Race: Zerg Zerg

YaegeR

  • Race: Protoss Protoss
  • League: Grandmaster

VOD

https://www.youtube.com/watch?v=zUQ7hUoLaGY

Description

Time

  • Played on: Oct. 21, 2015, 1:13 p.m.
  • Length: 23:45
Show
View Real Time Build Order
Export as new Build Order

benofrio Zerg - Winner!

Build Orders: Pool First 

Get SALT Encoding   

  12  0:01  Drone  
  13  0:12  Overlord  
  13  0:18  Drone  
  14  0:34  Drone x2  
  14  0:35  Drone  
  17  0:46  Spawning Pool  
  17  0:47  Extractor  
  15  0:50  Drone  
  16  0:58  Drone  
  17  1:11  Drone  
  17  1:17  Drone  
  19  1:28  Drone  
  20  1:32  Hatchery  
  19  1:44  Drone, Queen  
  22  1:51  Overlord  
  22  2:12  Evolution Chamber, Drone  
  22  2:13  Drone  
  23  2:20  Queen  
  25  2:27  Metabolic Boost  
  25  2:33  Drone  
  25  2:36  Drone  
  26  3:00  Extractor  
  26  3:03  Queen  
  27  3:14  Lair  
  27  3:17  Zergling x4  
  27  3:19  Zergling x2  
  30  3:20  Zergling x2  
  30  3:21  Zergling x2  
  30  3:25  Drone  
  33  3:28  Drone  
  33  3:29  Drone x2, Overlord  
  33  3:30  Overlord  
  36  3:35  Zerg Melee Weapons Level 1  
  36  4:01  Zergling x12  
  42  4:15  Nydus Network  
  41  4:20  Zergling x6  
  41  4:21  Zergling x6  
  47  4:28  Zergling x4  
  49  4:34  Overlord  
  49  4:37  Zergling x2  
  49  4:38  Zergling x2  
  45  5:00  Zergling x10  
  45  5:06  Zergling x2  
  46  5:24  Nydus Canal  
  46  5:26  Zergling x4  
  46  5:27  Zergling x4  
  50  5:36  Drone x2  
  49  5:55  Drone  
  49  5:56  Drone  
  51  6:06  Baneling Nest  
  50  6:20  Nydus Canal  
  50  6:28  Drone  
  50  6:29  Overlord x2  
  51  6:35  Spore Crawler  
  50  6:41  Spore Crawler  
  38  7:12  Zergling x14  
  33  7:26  Drone x3  
  34  7:50  Spire  
  32  8:23  Overlord x2  
  32  8:25  Drone x4  
  32  8:26  Drone x2  
  38  8:52  Drone x2  
  38  8:53  Drone x2  
  41  9:14  Zergling x2  
  41  9:15  Zergling x8  
  46  9:31  Mutalisk x7  
  43  9:33  Roach Warren  
  53  9:52  Mutalisk  
  52  9:53  Mutalisk x4  
  62  10:03  Zergling x2  
  50  10:41  Drone x4  
  50  10:42  Drone x2  
  54  10:43  Drone x3  
  57  10:58  Drone  
  57  10:59  Hatchery, Drone x2, Overlord, Extractor  
  57  11:03  Extractor  
  57  11:27  Queen x2  
  57  11:31  Overlord x2  
  61  11:33  Drone x4  
  65  12:02  Zerg Flyer Weapons Level 1  
  65  12:11  Queen  
  65  12:14  Drone x2  
  69  12:17  Glial Reconstitution  
  63  12:39  Drone x6  
  63  12:40  Drone  
  63  12:42  Extractor  
  69  12:44  Overlord  
  69  12:45  Overlord  
  69  12:52  Extractor  
  69  12:56  Pneumatized Carapace, Hydralisk Den  
  67  12:59  Burrow  
  67  13:26  Overlord x3  
  67  13:33  Hatchery  
  66  13:39  Queen  
  66  13:59  Spore Crawler  
  65  14:06  Spore Crawler  
  64  14:11  Spore Crawler  
  63  14:21  Spore Crawler  
  60  14:26  Hydralisk  
  60  14:27  Hydralisk x18  
  60  14:28  Hydralisk  
  60  14:30  Lurker Den  
  98  15:12  Hydralisk  
  98  15:13  Hydralisk x5  
  110  15:27  Drone  
  110  15:28  Drone x4  
  70  16:25  Infestation Pit  
  69  16:27  Hydralisk x7  
  69  16:28  Hydralisk  
  69  16:29  Roach  
  69  16:30  Roach x4  
  95  16:34  Lurker x3  
  98  16:49  Roach x5  
  106  17:25  Zergling x6  
  106  17:27  Zergling x4  
  106  17:28  Zergling x4  
  106  17:29  Zergling x4  
  115  17:45  Mutalisk  
  115  17:46  Mutalisk x8  
  119  18:34  Mutalisk  
  119  18:35  Mutalisk, Roach  
  119  18:36  Mutalisk x7  
  128  18:50  Overlord x2  
  128  19:04  Hatchery  
  128  19:07  Extractor  
  128  19:09  Extractor  
  125  19:29  Hive  
  121  19:56  Queen  
  119  20:25  Drone x2  
  119  20:26  Drone x6  
  119  20:27  Drone, Overlord x4  
  128  20:33  Corruptor x5  
  128  20:34  Corruptor x3  
  144  20:41  Greater Spire  
  144  21:13  Zergling x4  
  144  21:15  Zergling x2  
  144  21:16  Zergling x2  
  144  21:17  Zergling x2  
  150  21:18  Zergling x2  
  150  21:19  Zergling x2  
  150  21:20  Zergling x2  
  152  21:25  Queen  
  154  21:38  Corruptor x3  
  93  22:28  Corruptor x4  
  95  22:30  Corruptor x4  
  95  22:31  Corruptor  
  93  22:42  Zergling x22  
  93  22:43  Zergling x24  
  93  22:44  Overlord  
  116  22:59  Brood Lord x2  
  116  23:00  Brood Lord  
Show
View Real Time Build Order
Export as new Build Order

YaegeR Protoss 

Build Orders:  

Get SALT Encoding   

  12  0:01  Probe (Chrono Boost)  
  13  0:12  Probe (Chrono Boost)  
  14  0:22  Pylon  
  14  0:25  Probe (Chrono Boost)  
  15  0:41  Probe (Chrono Boost), Gateway  
  16  0:46  Pylon  
  16  0:53  Assimilator  
  16  0:58  Assimilator  
  16  1:00  Probe (Chrono Boost)  
  17  1:11  Probe (Chrono Boost)  
  18  1:21  Probe (Chrono Boost)  
  19  1:30  Cybernetics Core  
  19  1:32  Probe (Chrono Boost)  
  20  1:35  Zealot (Chrono Boost)  
  22  1:43  Probe (Chrono Boost)  
  23  1:55  Pylon  
  23  2:02  Pylon  
  23  2:06  Warp Gate (Chrono Boost)  
  25  2:23  Stalker (Chrono Boost)  
  25  2:30  Probe  
  25  2:34  Robotics Facility  
  26  2:48  Probe  
  26  2:49  Stalker (Chrono Boost)  
  29  3:19  Nexus  
  29  3:25  Observer  
  29  3:26  Pylon  
  30  3:33  Gateway  
  30  3:35  Gateway  
  30  3:46  Observer (Chrono Boost)  
  30  4:06  Pylon  
  30  4:11  Adept, Forge  
  33  4:17  Observer (Chrono Boost)  
  33  4:21  Assimilator  
  33  4:25  Pylon  
  33  4:29  Pylon  
  33  4:43  Protoss Ground Weapons Level 1 (Chrono Boost)  
  33  4:56  Probe  
  33  4:58  Probe  
  35  5:08  Immortal (Chrono Boost)  
  39  5:14  Robotics Bay  
  39  5:15  Probe x2 (Chrono Boost)  
  39  5:36  Zealot  
  39  5:37  Zealot x2  
  44  5:50  Probe  
  44  5:51  Probe  
  46  6:01  Probe  
  47  6:05  Probe  
  48  6:11  Probe  
  49  6:18  Extended Thermal Lance (Chrono Boost)  
  49  6:35  Colossus (Chrono Boost)  
  55  6:42  Photon Cannon  
  55  6:46  Photon Cannon  
  55  6:48  Sentry x3  
  38  7:26  Probe (Chrono Boost)  
  38  7:27  Probe (Chrono Boost)  
  40  7:41  Colossus (Chrono Boost)  
  46  7:48  Photon Cannon  
  46  7:51  Probe x2 (Chrono Boost)  
  48  7:58  Protoss Ground Armor Level 1  
  48  8:11  Zealot x2  
  52  8:18  Probe (Chrono Boost)  
  52  8:19  Probe (Chrono Boost)  
  54  8:22  Sentry  
  56  8:37  Zealot x2  
  60  8:46  Zealot  
  62  8:52  Probe  
  62  8:53  Probe  
  64  9:03  Probe  
  64  9:05  Probe  
  66  9:18  Probe  
  66  9:24  Zealot x3  
  71  9:44  Colossus (Chrono Boost)  
  66  10:31  Stalker x2  
  66  10:32  Stalker  
  55  10:40  Stargate  
  45  10:44  Probe  
  45  10:45  Probe  
  47  10:53  Photon Cannon  
  47  10:54  Probe, Photon Cannon  
  47  10:56  Assimilator  
  48  10:57  Probe  
  48  10:58  Stalker  
  48  11:00  Stalker x2  
  50  11:21  Probe  
  50  11:22  Probe  
  52  11:26  Phoenix  
  52  11:31  Probe  
  54  11:34  Probe  
  56  11:42  Probe  
  55  11:49  Stalker x2  
  59  11:57  Phoenix (Chrono Boost)  
  59  12:01  Probe  
  62  12:06  Pylon  
  62  12:30  Pylon  
  62  12:31  Pylon  
  62  12:40  Pylon  
  62  12:46  Colossus  
  64  12:51  Phoenix (Chrono Boost)  
  70  13:05  Nexus  
  70  13:07  Twilight Council, Pylon  
  72  13:13  Stalker, Phoenix (Chrono Boost)  
  74  13:32  Stalker x2  
  78  13:56  Blink (Chrono Boost)  
  78  14:03  Observer  
  79  14:11  Phoenix (Chrono Boost)  
  79  14:33  Phoenix (Chrono Boost)  
  79  14:42  Stalker x3  
  79  14:43  Protoss Ground Weapons Level 2  
  85  14:52  Photon Cannon  
  85  14:54  Photon Cannon  
  85  14:55  Phoenix (Chrono Boost)  
  87  15:09  Mothership Core, Probe x2  
  91  15:21  Probe x2  
  92  15:22  Colossus  
  91  16:10  Pylon  
  84  16:24  Pylon  
  84  16:27  Photon Cannon  
  84  16:37  Assimilator  
  84  16:38  Assimilator  
  84  16:39  Pylon  
  84  16:42  Sentry  
  84  16:44  Sentry  
  87  17:12  Probe  
  87  17:14  Probe x2  
  90  17:23  Probe  
  90  17:26  Phoenix  
  93  17:36  Pylon  
  93  17:48  Stalker  
  93  17:49  Stalker x2  
  99  18:24  Protoss Ground Weapons Level 3 (Chrono Boost)  
  93  18:51  Gateway  
  93  18:53  Gateway  
  93  18:55  Gateway  
  93  19:08  Fleet Beacon  
  93  19:13  Pylon  
  93  19:23  Stargate  
  73  19:52  Stalker x2  
  72  19:53  Stalker  
  74  20:00  Anion Pulse-Crystals  
  72  20:08  Phoenix x2 (Chrono Boost)  
  73  20:43  Phoenix (Chrono Boost)  
  73  20:46  Probe  
  76  20:57  Probe  
  77  21:31  Phoenix (Chrono Boost)  
  79  21:40  Probe x2  
  31  22:40  Stalker  
  31  22:41  Stalker x3  
  39  22:48  Phoenix  
  39  22:57  Probe (Chrono Boost)  
  43  22:59  Probe (Chrono Boost)  
Tags
 
Add a new tag
Caveats
  • Supply blocks, unpowered buildings, or Contaminate may cause inaccurate times.
  • Supply counts are checked every 10 seconds.